 Dungeon Crawl Stone Soup version 0.22-a0-374-g5dfd9e3 (webtiles) character file.

205284 Amnesiac the Devastator (level 18, -6/143 HPs)
             Began as a Mummy Wizard on Apr 26, 2018.
             Was a Priest of Sif Muna.
             Splashed with acid (11 damage)
             ... on level 1 of the Pits of Slime.
             The game lasted 01:29:10 (39710 turns).

Amnesiac the Devastator (Mummy Wizard)             Turns: 39710, Time: 01:29:11

Health: -6/143     AC: 15    Str: 11    XL:     18   Next: 3%
Magic:  0/55       EV: 17    Int: 25    God:    Sif Muna [***...]
Gold:   3039       SH:  4    Dex: 10    Spells: 7/47 levels left

rFire    x . .     SeeInvis +   w - staff of death
rCold    + + .     Gourm    .   K - +0 buckler
rNeg     + + +     Faith    .   c - +0 acid dragon scales
rPois    ∞         Spirit   +   f - +0 helmet {SInv}
rElec    .         Reflect  .   h - +1 cloak {rPois}
rCorr    +         Harm     .   d - +2 pair of gloves "Ynonott" {rPois rC+ Slay+2 Stlth-}
MR       ++...                  s - +2 pair of boots
Stlth    ..........             k - amulet of guardian spirit
HPRegen  0.33/turn              l - ring of magical power
MPRegen  0.34/turn              y - ring of magical power

@: about to teleport, very slightly contaminated, divine energy
A: no food or potions, fire vulnerability, cold resistance 1, negative energy
resistance 3, torment resistance, unbreathing, in touch with death 1
}: 1/15 runes: abyssal
a: Stop Divine Energy, Channel Magic, Renounce Religion


You were on level 1 of the Pits of Slime.
You worshipped Sif Muna.
Sif Muna was most pleased with you.
You were not hungry.

You visited 6 branches of the dungeon, and saw 26 of its levels.
You visited the Abyss 1 time.
You also visited: Labyrinth and Bailey.

You collected 3598 gold pieces.
You spent 559 gold pieces at shops.

Inventory:

Hand Weapons
 a - the +3 flail of the Dragonfly {flame, rElec rF+ Str+4}
   (You found it on level 4 of the Lair of Beasts)

   It has been specially enchanted to burn those struck by it, causing extra
   injury to most foes and up to half again as much damage against particularly
   susceptible opponents.
   It affects your strength (+4).
   It protects you from fire.
   It insulates you from electricity.
Armour
 c - +0 acid dragon scales (worn)
 d - the +2 pair of gloves "Ynonott" (worn) {rPois rC+ Slay+2 Stlth-}
   (You found it on level 11 of the Dungeon)

   It affects your accuracy and damage with ranged weapons and melee attacks
   (+2).
   It protects you from cold.
   It protects you from poison.
   It makes you less stealthy.
 f - a +0 helmet of see invisible (worn)
 h - a +1 cloak of poison resistance (worn)
 i - a +2 robe of resistance
 s - a +2 pair of boots (worn)
 K - a +0 buckler (worn)
Magical Staves
 w - an uncursed staff of death (weapon)
Jewellery
 j - an uncursed ring of protection from fire
 k - an amulet of guardian spirit (around neck)
 l - a ring of magical power (left hand)
 x - an uncursed ring of wizardry
 y - a ring of magical power (right hand)
 D - the ring of Eqys {*Slow +Fly rElec rPois Int+3}
   (You found it on level 4 of the Lair of Beasts)

   [ring of flight]

   It affects your intelligence (+3).
   It insulates you from electricity.
   It protects you from poison.
   It lets you fly.
   It may slow you when you take damage.
 G - a +5 amulet of reflection
Wands
 g - a wand of clouds (7)
 o - a wand of paralysis (9)
 t - a wand of acid (12)
 N - a wand of scattershot (23)
Scrolls
 b - 8 scrolls of identify {!r}
 e - 2 scrolls of fog {!r}
 n - a scroll of acquirement {!r}
 p - 7 scrolls of remove curse {!r}
 q - 3 scrolls of magic mapping {!r}
 u - a scroll of holy word {!r}
 v - 2 scrolls of fear {!r}
 C - 4 scrolls of teleportation {!r}
 E - 3 scrolls of enchant armour {!r}
 F - 3 scrolls of vulnerability {!r}
 I - 8 scrolls of amnesia {!r}
 J - a scroll of noise {!r}
Miscellaneous
 m - 2 sacks of spiders


   Skills:
 + Level 13.3 Fighting
 - Level 13.5 Dodging
 - Level 1.5 Stealth
 - Level 4.4 Shields
 - Level 15.0 Spellcasting
 - Level 15.0 Conjurations
 - Level 0.7 Summonings
 - Level 7.0 Necromancy
 - Level 5.0 Translocations
 + Level 9.0 Invocations


You had 7 spell levels left.
You knew the following spells:

 Your Spells              Type           Power        Failure   Level  Hunger
a - Bolt of Draining      Conj/Necr      ########..   1%          5    N/A
b - Passwall              Tmut/Erth      ###.......   7%          2    N/A
c - Mephitic Cloud        Conj/Pois/Air  #####...     1%          3    N/A
d - Orb of Destruction    Conj           #######...   9%          7    N/A
e - Dispel Undead         Necr           #######.     7%          5    N/A
f - Call Imp              Summ           ###.....     5%          2    N/A
g - Passage of Golubria   Tloc           N/A          6%          4    N/A
h - Summon Butterflies    Summ           ###.....     3%          1    N/A
i - Irradiate             Conj/Tmut      ######....   6%          5    N/A
j - Apportation           Tloc           #####.       1%          1    N/A
s - Conjure Flame         Conj/Fire      ######..     1%          3    N/A
v - Blink                 Tloc           N/A          1%          2    N/A

Dungeon Overview and Level Annotations

Branches:
Dungeon (12/15)            Temple (1/1) D:4            Lair (6/6) D:9
  Swamp (0/4) Lair:3       Spider (0/4) Lair:4        Slime (2/5) Lair:6
    Orc (2/2) D:12            Elf (3/3) Orc:2

Altars:
Ashenzari
Cheibriados
Dithmenos
Elyvilon
Fedhas
Gozag
Hepliaklqana
Kikubaaqudgha
Makhleb
Nemelex Xobeh
Okawaru
Qazlal
Ru
Sif Muna
Trog
Uskayaw
Vehumet
Wu Jian
Xom
Yredelemnul
Zin
The Shining One
Beogh
Jiyva

Shops:
D:11 }   D:12 [   Orc:2 [*(=

Annotations:
Slime:1 Dissolution


Innate Abilities, Weirdness & Mutations

You do not eat or drink.
Your flesh is vulnerable to fire.
You are immune to poison.
Your flesh is cold resistant. (rC+)
You are immune to negative energy. (rN+++)
You are immune to unholy pain and torment.
You can survive without breathing.
You are in touch with the powers of death.


Message History

The bolt of negative energy hits the eye of draining.
The eye of draining is drained!
You kill the eye of draining!
Sif Muna accepts your kill.
Unknown command.
Really read
r - a scroll of blinking {!r}?
Blink to where?
Press: ? - help, Dir - move target cursor
As you read the scroll of blinking {!r}, it crumbles to dust.
You feel less invigorated.
Casting: Bolt of Draining (safe; 1% risk of failure)
Confirm with . or Enter, or press ? or * to list all spells.
Aiming: Bolt of Draining (safe; 1% risk of failure)
Press: ? - help, Shift-Dir - straight line, f - acid blob
Aim: an acid blob You feel a strong surge of power!
The bolt of negative energy hits the acid blob.
The acid blob is drained!
The acid blob is severely wounded.
Unknown command.
Casting: Bolt of Draining (safe; 1% risk of failure)
Confirm with . or Enter, or press ? or * to list all spells.
Aiming: Bolt of Draining (safe; 1% risk of failure)
Press: ? - help, Shift-Dir - straight line, f/p - acid blob
Aim: an acid blob (severely wounded, lightly drained)
You feel a strong surge of power!
The bolt of negative energy hits the acid blob.
The acid blob is drained!
You kill the acid blob!
Sif Muna accepts your kill.
You have reached level 18!
Your experience leads to an increase in your attributes!
Increase (S)trength, (I)ntelligence, or (D)exterity?
You feel clever.
Casting: Bolt of Draining (safe; 1% risk of failure)
Confirm with . or Enter, or press ? or * to list all spells.
You can't see any susceptible monsters within range! (Use Z to cast anyway.)
Casting: Bolt of Draining (safe; 1% risk of failure)
Confirm with . or Enter, or press ? or * to list all spells.
Aiming: Dispel Undead (safe; 7% risk of failure)
Press: ? - help, Shift-Dir - straight line, f - death ooze
Aim: a death ooze You feel a strong surge of power!
The death ooze convulses!
You destroy the death ooze!
Sif Muna accepts your kill.
Your Invocations skill increases to level 9!
You feel less invigorated.
Casting: Dispel Undead (safe; 7% risk of failure)
Confirm with . or Enter, or press ? or * to list all spells.
You blink.
You are splashed with acid!
The walls burn you! You resist.
* * * LOW HITPOINT WARNING * * *
You are splashed with acid!
The wall burns you! You resist.
* * * LOW HITPOINT WARNING * * *
You are splashed with acid!
The wall burns you! You resist.
* * * LOW HITPOINT WARNING * * *
Casting: Blink (safe; 1% risk of failure)
Confirm with . or Enter, or press ? or * to list all spells.
You blink.
You are splashed with acid!
The walls burn you! You resist.
* * * LOW HITPOINT WARNING * * *
Really read
C - 5 scrolls of teleportation {!r}?
As you read the scroll of teleportation {!r}, it crumbles to dust.
You feel strangely unstable.
You are splashed with acid!
The walls burn you! You resist.
You die...

# ## ##..##.. #.......
.##..#... ......#.#
........## ....#....###
## .....#...#.##.## .
#...#...@..#
....##.....##.##
.......§J.#.###
..............##
.....#...##J...#
..............##
.........#......J...#
.......................#
....>...............#.##


You could see an enormous slime creature.

Vanquished Creatures
  Saint Roka (Elf:3)
  A lich (Abyss:4)
  Rupert (Lair:5)
  2 deep elf blademasters (Elf:3)
  2 deep elf master archers (Elf:3)
  2 tentacled starspawn
  4 acid blobs
  An azure jelly (Slime:1)
  10 deep elf sorcerers
  An orc warlord (Orc:2)
  4 deep elf elementalists (Elf:3)
  2 wizards (Abyss:4)
  10 deep elf annihilators
  3 deep elf demonologists (Elf:3)
  A minotaur (Lab)
  An eidolon (Abyss:3)
  6 deep elf death magi
  A fire dragon (Lair:6)
  The ghost of Dargar the Blocker, a journeyman GrFi of the Shining One (Lair:5)
  A death ooze (Slime:1)
  5 deep elf high priests (Elf:3)
  A catoblepas (Lair:6)
  8 hydras
  A merfolk avatar (Abyss:4)
  A queen ant (D:8)
  22 dancing weapons
  A two-headed ogre (D:8)
  4 orc high priests
  2 small abominations
  3 thrashing horrors (Abyss:3)
  15 deep elf knights
  A wretched star (Abyss:3)
  4 large abominations
  2 fire crabs (Lair:6)
  2 unseen horrors
  A spatial maelstrom (Abyss:4)
  18 deep elf archers
  An obsidian statue (D:9)
  The ghost of Dargar the Carver, a novice DrMo (D:7)
  A lindwurm (Lair:3)
  4 orc knights
  4 oklob plants (Lair:5)
  62 deep elf magi
  5 orc sorcerers
  2 ugly things (D:11)
  2 shining eyes (Slime:2)
  3 cyclopes
  9 elephants (Lair:6)
  8 black mambas
  A guardian serpent (shapeshifter) (Elf:3)
  2 molten gargoyles (Lair:6)
  Maurice (D:11)
  A gargoyle (D:12)
  9 spiny frogs
  3 kobold demonologists (D:12)
  3 rime drakes
  10 komodo dragons
  6 trolls
  A hornet (D:9)
  18 blink frogs
  6 hippogriffs
  21 slime creatures
  A raiju (Abyss:3)
  5 dream sheep (Lair:6)
  2 air elementals
  4 wyverns
  Sigmund (D:2)
  A flying skull (Abyss:3)
  A shadow (D:12)
  A fire elemental (Elf:1)
  A tarantella (shapeshifter) (Elf:3)
  2 water elementals
  A starcursed mass (Abyss:3)
  3 wraiths
  A fire bat (Abyss:3)
  A human (shapeshifter) (Elf:3)
  A hungry ghost (D:12)
  2 steam dragons (Lair:6)
  29 yaks
  A neqoxec (Abyss:3)
  3 basilisks
  A warg (Orc:1)
  4 swamp worms (Lair:3)
  20 soldier ants
  An acid dragon (D:12)
  12 water moccasins
  9 porcupines
  5 hell hounds
  A black bear (D:10)
  45 orc warriors
  4 sky beasts
  6 ice beasts
  A necrophage (D:8)
  A phantom (D:11)
  3 eyes of draining (Slime:1)
  9 ogres
  10 centaurs
  21 wolves
  7 crocodiles
  Blork the orc (D:6)
  A big kobold (D:9)
  7 bullfrogs
  2 earth elementals (Elf:1)
  4 scorpions
  11 wights
  10 killer bees
  An electric eel (Lair:3)
  A howler monkey (D:12)
  A vampire bat (D:9)
  5 crimson imps
  9 lava snakes
  4 bullfrog zombies (D:12)
  A centaur zombie (D:5)
  14 orc priests
  3 jellies
  10 hounds
  16 orc wizards
  A centaur skeleton (D:10)
  Crazy Yiuf (D:6)
  An iron imp (Abyss:3)
  3 bullfrog skeletons
  3 iguanas
  Ijyb (D:5)
  23 worker ants
  3 hound skeletons
  A hound zombie (D:5)
  A worker ant zombie (D:6)
  A howler monkey skeleton (D:6)
  2 howler monkey zombies
  18 gnolls
  10 adders
  A shadow imp (D:11)
  An adder skeleton (D:9)
  An adder zombie (D:5)
  2 worms
  A dart slug (D:4)
  6 leopard geckos
  79 orcs
  A ball python (D:5)
  6 bats
  4 bat skeletons (D:9)
  A bat zombie (D:9)
  6 giant cockroaches
  2 gnoll zombies (D:9)
  10 goblins
  12 hobgoblins
  7 jackals
  22 kobolds
  6 quokkas
  4 frilled lizards
  A jackal skeleton (D:4)
  2 leopard gecko zombies
  5 rats
  2 crawling corpses (Elf:1)
  2 plants (Lair:5)
  A starspawn tentacle (Abyss:4)
906 creatures vanquished.

Vanquished Creatures (collateral kills)
  A phantom (D:5)
  A worker ant (D:8)
  Robin (D:2)
  2 adders (D:2)
  2 gnolls (D:3)
  An ooze (D:5)
  4 worms
  A leopard gecko (D:2)
  4 orcs
  8 goblins
  3 hobgoblins (D:2)
  2 jackals (D:1)
  A kobold (D:2)
  A quokka (D:4)
  A frilled lizard (D:2)
33 creatures vanquished.

Vanquished Creatures (others)
  An eldritch tentacle (Abyss:4)
  A deep elf archer (Elf:3)
  2 deep elf magi
  A centaur (D:12)
  An ufetubus (Abyss:3)
  4 orcs (Orc:1)
  4 kobolds (Bailey)
  10 fungi
  A lurking horror (Abyss:4)
  36 starspawn tentacles
61 creatures vanquished.

Grand Total: 1000 creatures vanquished

Notes
Turn   | Place    | Note
-------+----------+-------------------------------------------
     0 | D:1      | Amnesiac the Mummy Wizard began the quest for the Orb.
     0 | D:1      | Reached XP level 1. HP: 13/13 MP: 5/5
   190 | D:1      | Reached skill level 1 in Conjurations
   247 | D:1      | Reached XP level 2. HP: 20/20 MP: 0/7
   251 | D:1      | Learned a level 2 spell: Call Imp
   487 | D:2      | Noticed Robin
   537 | D:2      | Killed Robin
   537 | D:2      | Reached skill level 1 in Fighting
   598 | D:2      | Reached XP level 3. HP: 26/26 MP: 3/8
   603 | D:2      | Learned a level 3 spell: Conjure Flame
   607 | D:2      | Learned a level 3 spell: Mephitic Cloud
   803 | D:2      | Noticed Sigmund
  1385 | D:2      | Killed Sigmund
  1385 | D:2      | Reached XP level 4. HP: 33/33 MP: 5/10
  1385 | D:2      | Reached XP level 5. HP: 38/38 MP: 5/11
  1386 | D:2      | Found a shattered altar of Ashenzari.
  1714 | D:4      | Found a glowing silver altar of Zin.
  2407 | D:4      | Found a staircase to the Ecumenical Temple.
  2414 | Temple   | Entered the Ecumenical Temple
  2589 | D:4      | Found a radiant altar of Vehumet.
  2589 | D:4      | Found a stormy altar of Qazlal.
  3566 | D:3      | Reached XP level 6. HP: 46/46 MP: 7/12
  3944 | D:5      | Entered Level 5 of the Dungeon
  3990 | D:5      | Found a deep blue altar of Sif Muna.
  3998 | D:5      | Became a worshipper of Sif Muna the Loreminder
  5039 | D:5      | Noticed a sky beast
  5056 | D:5      | Killed a sky beast
  5146 | D:5      | Reached XP level 7. HP: 25/51 MP: 4/13
  5180 | D:5      | Found a hide-covered altar of Uskayaw.
  5215 | D:5      | Reached * piety under Sif Muna
  5300 | D:5      | Found a shadowy altar of Dithmenos.
  5497 | D:5      | Noticed Ijyb
  5519 | D:5      | Killed Ijyb
  5568 | D:5      | Reached skill level 5 in Spellcasting
  5568 | D:5      | Reached skill level 5 in Conjurations
  5713 | D:6      | Found a hazy altar of Hepliaklqana.
  5889 | D:6      | Reached XP level 8. HP: 58/58 MP: 8/16
  6248 | D:6      | Reached ** piety under Sif Muna
  6287 | D:6      | Noticed Blork the orc
  6302 | D:6      | Killed Blork the orc
  6809 | D:6      | Found a runed door.
  6911 | D:6      | Noticed Crazy Yiuf
  6924 | D:6      | Killed Crazy Yiuf
  7121 | D:7      | HP: 1/60 [centaur/uncursed club (5)]
  7124 | D:7      | Reached XP level 9. HP: 2/65 MP: 7/19
  7130 | D:7      | Noticed Dargar's ghost (novice DrMo)
  7144 | D:7      | HP: 3/65 [hound skeleton (3)]
  7490 | D:7      | Learned a level 2 spell: Blink
  7514 | D:7      | Killed Dargar's ghost
  7514 | D:7      | Reached *** piety under Sif Muna
  7692 | D:7      | Found an ornate altar of the Wu Jian Council.
  8047 | D:7      | Found an opulent altar of Gozag.
  8051 | D:7      | Found a sparkling altar of Nemelex Xobeh.
  8137 | D:8      | Reached **** piety under Sif Muna
  8541 | D:8      | Reached XP level 10. HP: 68/71 MP: 21/23
  8669 | D:8      | Found a sparkling altar of Nemelex Xobeh.
  9002 | D:8      | Noticed a queen ant
  9038 | D:8      | Killed a queen ant
  9038 | D:8      | Reached skill level 10 in Spellcasting
  9038 | D:8      | Reached skill level 10 in Conjurations
  9067 | D:8      | Reached ***** piety under Sif Muna
  9073 | D:8      | Identified Sif Muna's Compendium of the Excruciating Entourage (Sif Muna gifted it to you on level 8 of the Dungeon)
  9073 | D:8      | Received a gift from Sif Muna
  9083 | D:8      | Learned a level 7 spell: Orb of Destruction
  9203 | D:8      | Noticed a two-headed ogre
  9226 | D:8      | Killed a two-headed ogre
  9496 | D:9      | Found an ancient bone altar of Kikubaaqudgha.
  9569 | D:9      | Noticed an obsidian statue
  9577 | D:9      | Noticed a soul eater
  9577 | D:9      | Killed an obsidian statue
  9648 | D:9      | Found a basalt altar of Yredelemnul.
  9666 | D:9      | Reached XP level 11. HP: 77/77 MP: 19/26
  9887 | D:9      | Found a staircase to the Lair.
 10133 | D:9      | Found an iron altar of Okawaru.
 10366 | Lair:1   | Entered Level 1 of the Lair of Beasts
 11056 | Lair:1   | You fall through a shaft!
 11068 | Lair:2   | Noticed a seven-headed hydra
 11329 | Lair:2   | Got an encrusted falchion
 11330 | Lair:2   | Identified the +9 falchion of Pandemonium {drain, *Rage rElec Str+2 Dex+7} (You found it on level 2 of the Lair of Beasts)
 11483 | Lair:2   | Noticed a four-headed hydra
 11490 | Lair:2   | Killed a four-headed hydra
 11528 | Lair:2   | Killed a seven-headed hydra
 11962 | Lair:2   | Reached skill level 5 in Invocations
 12141 | Lair:2   | Learned a level 1 spell: Summon Butterflies
 12366 | Lair:3   | Noticed a lindwurm
 12368 | Lair:3   | Killed a lindwurm
 12399 | Lair:3   | Reached XP level 12. HP: 83/83 MP: 2/28
 12571 | Lair:3   | Learned a level 5 spell: Bolt of Draining
 12773 | Lair:3   | Identified Sif Muna's Volume of Confrontation and the Snowflakes (Sif Muna gifted it to you on level 3 of the Lair of Beasts)
 12773 | Lair:3   | Received a gift from Sif Muna
 12970 | Lair:3   | Found a staircase to the Swamp.
 13561 | Lair:4   | Reached skill level 1 in Shields
 13576 | Lair:4   | Noticed a five-headed hydra
 13583 | Lair:4   | Killed a five-headed hydra
 13690 | Lair:4   | Got a bound copper ring
 13701 | Lair:4   | Found a hole to the Spider Nest.
 13712 | Lair:4   | Got a dazzling flail
 13713 | Lair:4   | Identified the +3 flail of the Dragonfly {flame, rElec rF+ Str+4} (You found it on level 4 of the Lair of Beasts)
 13717 | Lair:4   | Identified the ring of Eqys {*Slow +Fly rElec rPois Int+3} (You found it on level 4 of the Lair of Beasts)
 13739 | Lair:4   | Found a labyrinth entrance.
 13751 | Lab      | Entered a labyrinth
 13757 | Lab      | Learned a level 2 spell: Passwall
 14087 | Lab      | Noticed a minotaur
 14092 | Lab      | Killed a minotaur
 14101 | Lab      | Identified Wizardry in Simple Steps
 14112 | Lair:4   | Reached skill level 1 in Necromancy
 15007 | Lair:5   | Found the +7 captain's cutlass {speed, disarm}
 15054 | Lair:5   | Noticed a seven-headed hydra
 15064 | Lair:5   | Killed a seven-headed hydra
 15064 | Lair:5   | Reached skill level 5 in Necromancy
 15075 | Lair:5   | Noticed Rupert
 15166 | Lair:5   | Paralysed by Rupert for 5 turns
 15172 | Lair:5   | Killed Rupert
 15369 | Lair:5   | Reached skill level 5 in Fighting
 15468 | Lair:5   | Gained mutation: You are in touch with the powers of death. [Mummy growth]
 15468 | Lair:5   | Reached XP level 13. HP: 49/91 MP: 15/29
 15526 | Lair:5   | Noticed Dargar's ghost (journeyman GrFi)
 15626 | Lair:5   | Killed Dargar's ghost
 15626 | Lair:5   | Reached skill level 5 in Dodging
 17300 | Lair:6   | Entered Level 6 of the Lair of Beasts
 17313 | Lair:6   | Found a viscous altar of Jiyva.
 17313 | Lair:6   | Found a staircase to the Slime Pits.
 18768 | Lair:6   | Found a white marble altar of Elyvilon.
 19501 | Lair:6   | Found a large runed door.
 19501 | Lair:6   | Found a large runed door.
 19512 | Lair:6   | Reached XP level 14. HP: 108/108 MP: 14/30
 19599 | Lair:6   | Received a gift from Sif Muna
 20243 | D:10     | Entered Level 10 of the Dungeon
 20924 | D:10     | Reached skill level 10 in Fighting
 21133 | D:10     | Found a deep blue altar of Sif Muna.
 21350 | D:11     | Found Fecogruu's Gadget Shoppe.
 21650 | D:11     | Noticed Maurice
 21704 | D:11     | Killed Maurice
 21956 | D:11     | Got a pair of steaming gloves
 21967 | D:11     | Identified the +2 pair of gloves "Ynonott" {rPois rC+ Slay+2 Stlth-} (You found it on level 11 of the Dungeon)
 22295 | D:11     | Found a radiant altar of Vehumet.
 22576 | D:12     | Found a roughly hewn altar of Beogh.
 22712 | D:12     | Found a staircase to the Orcish Mines.
 22881 | D:12     | Found a flagged portal.
 22887 | Bailey   | Entered a bailey
 24496 | D:12     | Found Xiefamae's Armour Emporium.
 24504 | D:12     | Bought a +0 helmet of see invisible for 172 gold pieces
 24934 | Orc:1    | Entered Level 1 of the Orcish Mines
 25151 | Orc:2    | Entered Level 2 of the Orcish Mines
 25151 | Orc:2    | Found Deicucse's General Store.
 25157 | Orc:2    | Reached skill level 10 in Dodging
 26315 | Orc:2    | Noticed an orc warlord
 26370 | Orc:2    | Killed an orc warlord
 27179 | Orc:2    | Found Tusum's Antique Armour Shoppe.
 27198 | Orc:2    | Found a staircase to the Elven Halls.
 27199 | Orc:2    | Found Qinemusa's Antique Weapon Shop.
 27356 | Orc:2    | Found Medoteck's Jewellery Shoppe.
 27538 | Orc:2    | Bought a runed cloak for 195 gold pieces
 27538 | Orc:2    | Bought a runed robe for 96 gold pieces
 27538 | Orc:2    | Bought a glowing robe for 96 gold pieces
 27612 | Elf:1    | Entered Level 1 of the Elven Halls
 27801 | Elf:1    | Reached XP level 15. HP: 118/118 MP: 29/31
 27975 | Elf:1    | Identified Sif Muna's Compendium of Hexes and Confrontation (Sif Muna gifted it to you on level 1 of the Elven Halls)
 27975 | Elf:1    | Received a gift from Sif Muna
 28169 | Elf:1    | Noticed a deep elf sorcerer
 28421 | Elf:1    | Killed a deep elf sorcerer
 28766 | Elf:1    | Identified the Collected Works on Creation
 29750 | Elf:1    | Identified the Compendium of Orientation
 30120 | Elf:2    | Identified Voutunai's Grimoire of Creative Conjuration (Sif Muna gifted it to you on level 2 of the Elven Halls)
 30120 | Elf:2    | Received a gift from Sif Muna
 30289 | Elf:2    | Learned a level 4 spell: Passage of Golubria
 30554 | Elf:2    | Found a huge runed gate.
 30554 | Elf:2    | Found a huge runed gate.
 30554 | Elf:2    | Found a huge runed gate.
 30556 | Elf:2    | Found a huge runed gate.
 30557 | Elf:2    | Found a huge runed gate.
 31157 | Elf:2    | Reached XP level 16. HP: 79/125 MP: 0/34
 31958 | Elf:3    | Entered Level 3 of the Elven Halls
 32530 | Elf:3    | Identified Sif Muna's Handbook of Attacks (Sif Muna gifted it to you on level 3 of the Elven Halls)
 32530 | Elf:3    | Received a gift from Sif Muna
 32885 | Elf:3    | Noticed a deep elf master archer
 32886 | Elf:3    | Killed a deep elf master archer
 32886 | Elf:3    | Reached skill level 15 in Spellcasting
 32886 | Elf:3    | Reached skill level 15 in Conjurations
 32896 | Elf:3    | Noticed a deep elf blademaster
 32911 | Elf:3    | Killed a deep elf blademaster
 33059 | Elf:3    | Learned a level 5 spell: Dispel Undead
 33076 | Elf:3    | Noticed a deep elf blademaster
 33080 | Elf:3    | Killed a deep elf blademaster
 34700 | Elf:3    | Reached XP level 17. HP: 133/133 MP: 28/36
 34748 | Elf:3    | Got a heavily runed large shield
 34748 | Elf:3    | Got a dazzling trident {drain}
 35043 | Elf:3    | Got a polished hand axe {chop}
 35045 | Elf:3    | Identified the +6 hand axe of Ruination {chop, +Blink rF+} (You took it off a deep elf high priest on level 3 of the Elven Halls)
 35047 | Elf:3    | Identified the cursed +0 trident of the Absolute Madman {drain, Str+3 Int+2} (You took it off a deep elf sorcerer on level 3 of the Elven Halls)
 35500 | Elf:3    | Got a scorched mace {crush}
 35510 | Elf:3    | Cast into level 3 of the Abyss (a deep elf sorcerer)
 35565 | Abyss:3  | Learned a level 5 spell: Irradiate
 35729 | Abyss:3  | Learned a level 1 spell: Apportation
 35739 | Abyss:3  | Identified the +3 large shield of Ruli {rF- Dex+5 SInv} (You took it off a deep elf sorcerer on level 3 of the Elven Halls)
 35741 | Abyss:3  | Identified the +5 mace of Qasu {crush, rN+} (You took it off a deep elf annihilator on level 3 of the Elven Halls)
 35877 | Abyss:3  | Reached skill level 1 in Translocations
 35948 | Abyss:4  | Found a corrupted altar of Lugonu.
 35949 | Abyss:4  | Found a corrupted altar of Lugonu.
 36017 | Abyss:4  | Got an abyssal rune of Zot
 36024 | Abyss:4  | Paralysed by accursed screaming for 1 turns
 36025 | Abyss:4  | HP: 6/135 [starcursed mass/accursed screaming (2)]
 36026 | Abyss:4  | HP: 2/135 [mad acolyte of Lugonu/divine providence (4)]
 36191 | Abyss:4  | Noticed a lich
 36198 | Abyss:4  | Killed a lich
 36255 | Elf:3    | Escaped the Abyss
 37032 | Elf:3    | Noticed Saint Roka
 37061 | Elf:3    | Killed Saint Roka
 37518 | Elf:3    | Got an ancient silver ring
 37695 | Elf:3    | Noticed a deep elf master archer
 37714 | Elf:3    | Killed a deep elf master archer
 37714 | Elf:3    | Reached skill level 5 in Translocations
 37984 | Elf:3    | Got a faintly glowing chain mail
 38260 | Elf:3    | Identified the +4 chain mail "Rusivawa" {Regen+ Str-2 SInv} (You took it off a deep elf master archer on level 3 of the Elven Halls)
 38272 | Elf:3    | Identified the ring of Wonder {+Blink rF- rN+ MR+} (You took it off a deep elf high priest on level 3 of the Elven Halls)
 38347 | Elf:3    | Identified a scroll of acquirement {!r}
 38925 | Slime:1  | Entered Level 1 of the Pits of Slime
 39274 | Slime:2  | Noticed an acid blob
 39460 | Slime:2  | Noticed an acid blob
 39465 | Slime:2  | Killed an acid blob
 39473 | Slime:2  | Killed an acid blob
 39635 | Slime:2  | Noticed Dissolution
 39663 | Slime:2  | Paralysed by a floating eye for 3 turns
 39670 | Slime:1  | Paralysed by a floating eye for 2 turns
 39671 | Slime:1  | Noticed an acid blob
 39676 | Slime:1  | Killed an acid blob
 39690 | Slime:1  | Noticed an acid blob
 39702 | Slime:1  | Killed an acid blob
 39702 | Slime:1  | Reached XP level 18. HP: 14/143 MP: 15/37
 39709 | Slime:1  | HP: 5/143 [acid (5)]
 39710 | Slime:1  | Splashed with acid

Vault maps used:
D:1:      eino_arrival_druids_welcome
D:2:      lemuel_coloured_pillars_altar, uniq_sigmund, uniq_robin
D:3:      first_ration
D:4:      kennysheep_mini_moat, gammafunk_temple_overflow_elements,
          temple_fountains
D:5:      nicolae_overflow_crystal_walls, eat_drink_and_be_merry_uskayaw,
          lemuel_round_altar, uniq_ijyb
D:6:      kennysheep_mini, uniq_crazy_yiuf_cottage, uniq_blork_the_orc
D:7:      grunt_temple_overflow_opulence, nicolae_overflow_hidden_temple,
          grunt_ogre_cave
D:8:      basic_altar, minivault_29
D:9:      kennysheep_vampire_church, lemuel_zombie_altar_yredelemnul,
          minmay_lair_entry_lava, minivault_16, okawaru_gym_becter
D:10:     lemuel_blue_sif_altar
D:11:     serial_shops, nicolae_shop_temple_entry_statues_fountains,
          kb_lookout_dungeons_type, david_defended_altar_elf, uniq_maurice
D:12:     david_orc_5, serial_shops, shop, enter_bailey_2
Temple:   compressed_dpeg_triangle_lava_temple
Lair:2:   grunt_megastairs_1
Lair:3:   nicolae_swamp_entry_splash_gauntlet, serial_bayou_shore_b,
          infiniplex_staircase_pool_2, lemuel_fruit_tree
Lair:4:   spider_nest_entry_web_field, lab_entry_generic, lemuel_fruit_fields
Lair:5:   minmay_lair_oklob_chamber, uniq_rupert
Lair:6:   cheibrodos_lair_end_hotspot, slime_altar_1, basic_altar
Slime:2:  uniq_dissolution
Orc:2:    grunt_orc_gardens, grunt_orc_garden, grunt_orc_garden,
          grunt_orc_garden, grunt_orc_garden
Elf:1:    minmay_elf_arrival_circle, minmay_elf_demonology
Elf:3:    minmay_elf_hall_four_x, uniq_saint_roka
Abyss:3:  bh_abyss_exit_grid, evilmike_abyss_exit_11
Abyss:4:  grunt_abyss_exit_deep_breaths, evilmike_abyss_rune_siren_acolytes
Lab:      labyrinth_spiral, nicolae_lab_do_over, nicolae_lab_t_cross,
          labyrinth_lava_lair
Bailey:   bailey_axe_4, bailey

Skill      XL: |  1  2  3  4  5  6  7  8  9 10 11 12 13 14 15 16 17 18 |
---------------+-------------------------------------------------------+-----
Conjurations   | 1 2 4 5 7 9 11 12 14 15 | 15.0
Dodging        | 2 3 4 8 11 12 13 | 13.5
Fighting       | 1 2 3 4 5 9 11 12 13 | 13.3
Spellcasting   | 5 7 9 11 12 14 15 | 15.0
Invocations    | 6 8 9 |  9.0
Shields        | 4 |  4.4
Necromancy     | 5 6 7 |  7.0
Translocations | 5 |  5.0
Stealth        | |  1.5
Summonings     | |  0.7

Action                   |  1- 3 |  4- 6 |  7- 9 | 10-12 | 13-15 | 16-18 || total
-------------------------+-------+-------+-------+-------+-------+-------++-------
Melee: Unarmed           |     1 |       |       |       |       |       ||     1
       Dagger            |    13 |    80 |   442 |   137 |       |       ||   672
       Cutlass           |       |       |       |    11 |       |       ||    11
       Flail             |       |       |       |     8 |    93 |     6 ||   107
       Staff             |       |       |       |       |       |     2 ||     2
 Fire: Hunting sling     |       |    14 |    19 |       |       |       ||    33
 Cast: Magic Dart        |    39 |   114 |    50 |    52 |       |       ||   255
       Call Imp          |    24 |    12 |    11 |     1 |     1 |     1 ||    50
       Mephitic Cloud    |     1 |     6 |    26 |     9 |       |       ||    42
       Conjure Flame     |       |     1 |    13 |     1 |       |       ||    15
       Orb of Destructio |       |       |       |   100 |   110 |    84 ||   294
       Bolt of Draining  |       |       |       |    73 |   508 |   262 ||   843
       Blink             |       |       |       |     4 |     4 |     6 ||    14
       Passwall          |       |       |       |     2 |     2 |     1 ||     5
       Dispel Undead     |       |       |       |       |       |    19 ||    19
       Apportation       |       |       |       |       |       |     7 ||     7
       Passage of Golubr |       |       |       |       |       |     1 ||     1
Invok: Divine Energy     |       |       |     1 |       |       |       ||     1
       Channel Magic     |       |       |       |       |       |    22 ||    22
Evoke: Wand              |       |       |     1 |       |     6 |     1 ||     8
       Sack of spiders   |       |       |       |       |       |     2 ||     2
  Use: Scroll            |     1 |     3 |     2 |    11 |     1 |    17 ||    35
 Stab: Sleeping          |     3 |       |     2 |     1 |       |       ||     6
       Confused          |     1 |     4 |    11 |     3 |       |       ||    19
       Distracted        |     1 |       |     1 |       |       |       ||     2
Armor: Robe              |    15 |    34 |   159 |    93 |    11 |    29 ||   341
       Steam dragon scal |       |       |       |       |    72 |       ||    72
       Acid dragon scale |       |       |       |       |    26 |    40 ||    66
Dodge: Dodged            |    41 |    86 |   263 |   192 |   290 |   155 ||  1027
Block: Buckler           |       |       |       |    10 |   190 |    58 ||   258
       Other             |       |       |       |     8 |       |       ||     8
       Reflection        |       |       |       |     1 |    34 |     7 ||    42
       Rpst.: Falchion   |       |       |       |     6 |       |       ||     6

Table legend:
 A = Spawn XP
 B = Non-spawn XP
 C = Spawn XP percentage of total XP
 D = Spawn monster count
 E = Non-spawn monster count
 F = Spawn count percentage of total count
 G = Total turns spent on level
                    A         B        C        D         E        F      G
               +---------+---------+-------+---------+---------+-------+---------
         Total |   12743 |  280468 |   4.3 |      15 |     930 |   1.6 | 39710
               +---------+---------+-------+---------+---------+-------+---------
           D:1 |       0 |      36 |   0.0 |       0 |      23 |   0.0 |  1045
           D:2 |       0 |     213 |   0.0 |       0 |      30 |   0.0 |  1447
           D:3 |       0 |      86 |   0.0 |       0 |      28 |   0.0 |  1197
           D:4 |       0 |      77 |   0.0 |       0 |      16 |   0.0 |  1145
           D:5 |       0 |     872 |   0.0 |       0 |      20 |   0.0 |   775
           D:6 |       0 |    1080 |   0.0 |       0 |      30 |   0.0 |  1496
           D:7 |       0 |    1924 |   0.0 |       0 |      28 |   0.0 |   885
           D:8 |       0 |    5786 |   0.0 |       0 |      50 |   0.0 |  1336
           D:9 |       0 |    2427 |   0.0 |       0 |      32 |   0.0 |   977
          D:10 |       0 |    4686 |   0.0 |       0 |      31 |   0.0 |  1006
          D:11 |       0 |    4445 |   0.0 |       0 |      39 |   0.0 |  1099
          D:12 |       0 |    7616 |   0.0 |       0 |      67 |   0.0 |  1774
        Lair:1 |       0 |    3308 |   0.0 |       0 |      15 |   0.0 |  1001
        Lair:2 |       0 |    4597 |   0.0 |       0 |      15 |   0.0 |  1041
        Lair:3 |       0 |    4405 |   0.0 |       0 |      19 |   0.0 |  1234
        Lair:4 |       0 |    6997 |   0.0 |       0 |      35 |   0.0 |  1183
        Lair:5 |       0 |    8734 |   0.0 |       0 |      14 |   0.0 |  2315
        Lair:6 |       0 |   25707 |   0.0 |       0 |      76 |   0.0 |  2845
       Slime:1 |       0 |   11839 |   0.0 |       0 |      21 |   0.0 |   591
       Slime:2 |       0 |    7557 |   0.0 |       0 |      11 |   0.0 |   194
         Orc:1 |       0 |    4626 |   0.0 |       0 |      51 |   0.0 |   985
         Orc:2 |       0 |   11825 |   0.0 |       0 |      46 |   0.0 |  1933
         Elf:1 |       0 |   31638 |   0.0 |       0 |      50 |   0.0 |  2199
         Elf:2 |       0 |   37733 |   0.0 |       0 |      52 |   0.0 |  3253
         Elf:3 |    2332 |   81511 |   2.8 |       1 |      85 |   1.2 |  4681
       Abyss:3 |    3420 |    3588 |  48.8 |       9 |       7 |  56.2 |   415
       Abyss:4 |    6991 |    4738 |  59.6 |       5 |       7 |  41.7 |   330
           Lab |       0 |    1435 |   0.0 |       0 |       5 |   0.0 |   353
        Bailey |       0 |     982 |   0.0 |       0 |      27 |   0.0 |   880
               +---------+---------+-------+---------+---------+-------+---------
